 Dungeon Crawl Stone Soup version 0.23.0-3-gf3c87f2df8 (webtiles) character file.

Game seed: 11890702127483869121

1197 Baz the Skirmisher (level 8, -3/52 HPs)
             Began as a Gargoyle Fighter on Feb 20, 2019.
             Killed by divine providence
             ... invoked by an orc priest
              (14 damage)
             ... on level 5 of the Dungeon.
             The game lasted 00:12:17 (5298 turns).

Baz the Skirmisher (Gargoyle Fighter)               Turns: 5298, Time: 00:12:18

Health: -3/52      AC: 13    Str: 21    XL:     8   Next: 44%
Magic:  8/8        EV:  8    Int: 10    God:
Gold:   188        SH: 10    Dex:  9    Spells: 6/7 levels left

rFire    . . .     SeeInvis .   a - +0 flail
rCold    . . .     Gourm    .   c - +0 shield
rNeg     + . .     Faith    .   b - +0 scale mail
rPois    ∞         Spirit   .   (no helmet)
rElec    +         Reflect  .   (no cloak)
rCorr    .         Harm     .   (no gloves)
MR       .....                  (no boots)
Stlth    ..........             u - amulet of regeneration
HPRegen  0.57/turn              (no ring)
MPRegen  0.11/turn              (no ring)

@: no status effects
A: negative energy resistance 1, electricity resistance, unbreathing,
petrification resistance, rot immunity, AC +5
a: no special abilities


You were on level 5 of the Dungeon.
You were not hungry.

You visited 1 branch of the dungeon, and saw 6 of its levels.

You collected 188 gold pieces.

Inventory:

Hand Weapons
 a - a +0 flail (weapon)
Armour
 b - a +0 scale mail (worn)
 c - a +0 shield (worn)
Jewellery
 u - an amulet of regeneration (around neck)
Scrolls
 e - a scroll of enchant armour {unknown}
 g - a scroll of fear {unknown}
 i - 3 scrolls of teleportation
 j - 4 scrolls of identify {unknown}
 l - 2 scrolls of remove curse {unknown}
 m - 2 scrolls of enchant weapon {unknown}
 n - a scroll of random uselessness {unknown}
 o - a scroll of fog {unknown}
Potions
 d - a potion of might
 h - 2 potions of lignification {unknown}
 k - 2 potions of curing
 p - 2 potions of haste {unknown}
 q - a potion of flight {unknown}
 s - a potion of invisibility {unknown}
 t - a potion of mutation {unknown}
 w - a potion of heal wounds {unknown}
Comestibles
 f - 7 rations
 r - 5 chunks of flesh


   Skills:
 + Level 6.3 Fighting
 + Level 5.2 Maces & Flails
 + Level 6.2 Armour
 + Level 6.3 Shields


You had 6 spell levels left.
You knew the following spells:

 Your Spells              Type           Power        Failure   Level  Hunger
a - Apportation           Tloc           #.....       96%         1    ##.....

Your spell library contained the following spells:

 Spells                   Type           Power        Failure   Level  Hunger
 Animate Skeleton         Necr           N/A          96%         1    ##.....
 Confusing Touch          Hex            #.....       96%         1    ##.....
 Summon Small Mammal      Summ           #...         96%         1    ##.....


Dungeon Overview and Level Annotations

Branches:
Dungeon (6/15)
 Temple: D:4-7

Altars:
Ashenzari
Cheibriados
Dithmenos
Kikubaaqudgha
Qazlal
Sif Muna

Shops:
D:5 (

Annotations:
D:2 Sigmund


Innate Abilities, Weirdness & Mutations

You are resistant to torment.
Your stone body is resilient. (AC +5)
You are immune to poison.
You resist negative energy. (rN+)
You are resistant to electric shocks. (rElec)
You can survive without breathing.
You are immune to petrification.
You are immune to rotting.


Message History

Beogh smites you!
* * * LOW HITPOINT WARNING * * *
The orc priest looks braver for a moment.
You sock the orc priest!
The orc priest is severely wounded.
You block the orc priest's attack. x2
You closely miss the orc priest.
The orc priest is severely wounded.
The orc priest mumbles some strange prayers to Beogh against you.
Beogh smites you!
* * * LOW HITPOINT WARNING * * *
You aren't carrying any items that you can evoke.
It was a potion of curing.
You feel better.
The orc priest invokes the aid of Beogh against you.
You struggle to resist.
You barely miss the orc priest.
The orc priest is severely wounded.
The orc priest calls down the wrath of Beogh upon you.
Beogh smites you!
You die...

#.## #....#
.#.######## #.####
###........ #.#
.#.######## #.#
#.### #.# ....# #.#
###.# #.# ##.##
########.#
#..>#######....@oh>#
#...........########
#...######### #####


You could see a black bear and an orc priest.

Vanquished Creatures
  Prince Ribbit (D:5)
  Eustachio (D:5)
  An ice beast (D:5)
  An ogre (D:5)
  3 scorpions
  A crimson imp (D:5)
  2 hounds
  A jelly (D:5)
  2 orc wizards
  Jessica (D:1)
  An iguana (D:4)
  Natasha (thrice) (D:3)
  4 worker ants
  4 adders
  An ooze (D:4)
  An adder zombie (D:5)
  An adder skeleton (D:4)
  4 worms
  A dart slug (D:2)
  3 leopard geckos
  9 orcs
  5 giant cockroaches
  5 goblins
  2 hobgoblins
  11 jackals
  9 kobolds
  9 bats
  4 frilled lizards (D:3)
  A jackal skeleton (D:4)
  6 rats
98 creatures vanquished.

Notes
Turn   | Place    | Note
-------+----------+-------------------------------------------
     0 | D:1      | Baz the Gargoyle Fighter began the quest for the Orb.
     0 | D:1      | Reached XP level 1. HP: 14/14 MP: 1/1
   323 | D:1      | Reached XP level 2. HP: 19/19 MP: 2/2
   696 | D:2      | Noticed Jessica
   867 | D:1      | Killed Jessica
   867 | D:1      | Reached XP level 3. HP: 24/24 MP: 3/3
   969 | D:2      | Found a deep blue altar of Sif Muna.
   969 | D:2      | Found a shattered altar of Ashenzari.
  1101 | D:2      | Noticed Sigmund
  1160 | D:2      | HP: 1/24 [something (2)]
  1249 | D:3      | Reached XP level 4. HP: 9/29 MP: 4/4
  1469 | D:2      | Noticed Natasha
  1520 | D:3      | Killed Natasha
  2014 | D:3      | Found an ancient bone altar of Kikubaaqudgha.
  2034 | D:3      | Found a shadowy altar of Dithmenos.
  2083 | D:3      | Noticed Natasha
  2093 | D:3      | Killed Natasha
  2093 | D:3      | Reached XP level 5. HP: 30/33 MP: 5/5
  2447 | D:3      | Noticed Natasha
  2456 | D:3      | Killed Natasha
  2637 | D:3      | Found a snail-covered altar of Cheibriados.
  3126 | D:4      | Reached XP level 6. HP: 31/39 MP: 6/6
  3217 | D:4      | Found a shattered altar of Ashenzari.
  3246 | D:4      | Learned a level 1 spell: Apportation
  3730 | D:4      | Found a snail-covered altar of Cheibriados.
  4052 | D:5      | Entered Level 5 of the Dungeon
  4074 | D:5      | Noticed Eustachio
  4111 | D:5      | Killed Eustachio
  4111 | D:5      | Reached skill level 5 in Fighting
  4111 | D:5      | Reached skill level 5 in Armour
  4111 | D:5      | Reached skill level 5 in Shields
  4111 | D:5      | Reached XP level 7. HP: 38/44 MP: 7/7
  4233 | D:5      | Found a stormy altar of Qazlal.
  4318 | D:5      | Found Jelyps's Weapon Boutique.
  4415 | D:5      | Noticed Prince Ribbit
  5068 | D:5      | Reached XP level 8. HP: 36/51 MP: 8/8
  5135 | D:5      | Killed Prince Ribbit
  5135 | D:5      | Reached skill level 5 in Maces & Flails
  5298 | D:5      | Killed from afar by an orc priest

Skill      XL: |  1  2  3  4  5  6  7  8 |
---------------+-------------------------+-----
Fighting       | 4 5 6 |  6.3
Armour         | 4 5 6 |  6.2
Shields        | 4 5 6 |  6.3
Maces & Flails | 3 4 5 |  5.2

Action                   |  1- 3 |  4- 6 |  7- 9 || total
-------------------------+-------+-------+-------++-------
Melee: Flail             |   105 |   250 |   214 ||   569
Evoke: Wand              |       |       |    10 ||    10
  Use: Scroll            |       |       |     1 ||     1
       Potion            |       |       |     1 ||     1
 Stab: Confused          |       |       |     1 ||     1
  Eat: Chunk             |     1 |    10 |     4 ||    15
Armor: Scale mail        |    67 |   147 |   110 ||   324
Dodge: Dodged            |    32 |    74 |    57 ||   163
Block: Shield            |    74 |   163 |   117 ||   354
